cohdb
Replays
Latest Replays
All Replays
Popular Replays
Top Player Replays
Match Explorer
How It Works
Community
CoH3 Stats
Reddit
Sign in to upload your games and track your stats! →
Sign in with Steam
Rei, oziligath, Thomas, 3nder proving how brainrotten 4v4 is
Match 28785734
Overview
Messages
Build Orders
End
Kettenkrad Recon Vehicle
Construct Infanterie Kompanie
Selects Luftwaffe Battlegroup
Selects Luftwaffe Pioneer Support
MG 42 Machine Gun Team
Grenadier Squad
Grenadier Squad
Construct Panzergrenadier Kompanie
Selects Reconnaissance Run
Panzergrenadier Squad
Pak 40 Anti-tank Gun Team
251 Medium Carrier
Selects Fallschirmjäger Squad Paradrop
Construct Panzer Kompanie
Support Elements
Nebelwerfer 42 Rocket Launcher Team
Nebelwerfer 42 Rocket Launcher Team
Panzer IV Medium Tank
Selects Stuka Loiter
Panzergrenadier Squad
Pioneer Squad
Reconnaissance Run
Panzer IV Medium Tank
Panzer IV Medium Tank
Pioneer Squad
Loxley
𝓂𝒶𝒹𝒹𝒾𝑒
FLOKL
PzDiv Viper ✠
Thomas
oziligath
3nder
Rei
0
0
Comments
sign in to comment!
No comments posted yet!